Map: Blackpink LE

Players

Kelazhur - Winner!

  • Race: Terran Terran
  • Spawn Location: 7:00

HalfBreed

  • Race: Zerg Zerg
  • Spawn Location: 1:00

VOD

Have the link to the VOD?

Description

Time

  • Played on: Feb. 1, 2018, 4:48 p.m.
  • Length: 8:51
Show
View Real Time Build Order
Export as new Build Order

Kelazhur Terran - Winner!

Build Orders: Liberator Opening, Mech 

Get SALT Encoding   

  12  0:00  SCV  
  13  0:13  SCV  
  14  0:18  Supply Depot  
  14  0:25  SCV  
  15  0:39  SCV  
  15  0:41  Barracks  
  16  0:44  Refinery  
  16  0:51  SCV  
  17  1:03  SCV  
  18  1:15  SCV  
  19  1:28  Orbital Command, Marine  
  20  1:38  Command Center  
  20  1:45  Marine  
  21  1:51  Supply Depot  
  21  1:54  SCV  
  22  2:05  Factory  
  22  2:08  SCV  
  23  2:10  Barracks Reactor  
  23  2:20  SCV  
  24  2:25  Refinery  
  24  2:32  SCV  
  25  2:44  SCV  
  25  2:51  Starport  
  26  2:52  Orbital Command  
  26  2:57  Hellion x2  
  30  3:00  SCV, Marine  
  32  3:12  SCV  
  33  3:18  Hellion x2, Marine  
  38  3:29  Medivac  
  38  3:30  Armory  
  40  3:36  Supply Depot  
  40  3:40  Hellion x2, Marine  
  45  3:43  SCV  
  45  3:47  Liberator  
  46  3:51  Supply Depot  
  46  3:58  SCV x2  
  48  4:08  Supply Depot  
  51  4:10  SCV, Hellion  
  51  4:13  Hellion  
  56  4:20  SCV  
  56  4:22  SCV  
  56  4:23  Barracks Tech Lab  
  58  4:32  SCV  
  58  4:34  Supply Depot, Hellion, SCV  
  58  4:36  Hellion  
  64  4:44  SCV  
  63  4:46  SCV  
  58  4:55  Hellion  
  58  4:56  SCV  
  58  4:58  SCV  
  58  4:59  Supply Depot  
  58  5:00  Hellion  
  58  5:01  Hellion  
  55  5:09  SCV, Cloaking Field, Banshee  
  55  5:11  SCV  
  60  5:15  Command Center  
  60  5:24  SCV x2  
  60  5:26  Hellion x2  
  60  5:27  Terran Vehicle Weapons Level 1  
  66  5:28  Refinery  
  66  5:36  SCV  
  66  5:37  SCV  
  68  5:43  Refinery  
  68  5:45  Supply Depot  
  68  5:48  SCV  
  68  5:49  SCV  
  69  5:54  Banshee  
  69  5:56  Factory x2  
  72  5:59  Hellion  
  72  6:00  SCV  
  72  6:01  SCV  
  70  6:12  SCV, Barracks Tech Lab  
  70  6:13  SCV  
  72  6:24  Hellion x2, SCV  
  72  6:25  SCV  
  78  6:30  Orbital Command  
  78  6:37  SCV x2  
  80  6:45  Hellion x2  
  80  6:47  Factory  
  84  6:48  Factory  
  84  6:50  SCV  
  84  6:53  Starport Reactor  
  85  6:54  Thor  
  91  7:04  Thor  
  91  7:05  SCV  
  96  7:10  SCV  
  93  7:16  Orbital Command  
  93  7:17  Hellion x2  
  93  7:21  SCV  
  97  7:23  SCV  
  97  7:29  Supply Depot x2  
  98  7:31  Medivac  
  98  7:33  Refinery  
  98  7:34  SCV, Medivac  
  98  7:35  SCV, Hellion x2, Refinery  
  108  7:46  SCV  
  108  7:50  SCV x2  
  111  7:51  Supply Depot  
  111  7:52  Supply Depot, Engineering Bay  
  111  7:55  Siege Tank  
  111  7:56  Hellion x2  
  118  8:00  SCV  
  118  8:03  SCV, Factory Tech Lab, Factory Reactor  
  120  8:09  SCV  
  120  8:10  Viking x2  
  125  8:13  SCV  
  125  8:15  Supply Depot  
  125  8:17  Supply Depot, Siege Tank  
  125  8:18  Hellion x2  
  133  8:21  SCV x2  
Show
View Real Time Build Order
Export as new Build Order

HalfBreed Zerg 

Build Orders: Hatch First 

Get SALT Encoding   

  12  0:00  Drone  
  13  0:12  Overlord  
  13  0:17  Drone  
  14  0:31  Drone x2  
  14  0:34  Drone  
  17  0:51  Hatchery  
  17  0:54  Drone  
  17  0:57  Drone  
  18  1:09  Extractor  
  17  1:12  Spawning Pool  
  17  1:16  Drone  
  17  1:18  Drone  
  18  1:28  Drone  
  19  1:39  Drone  
  20  1:50  Overlord  
  20  1:59  Queen  
  22  2:03  Queen  
  22  2:04  Drone x2  
  26  2:11  Metabolic Boost  
  26  2:12  Drone  
  27  2:26  Hatchery  
  26  2:31  Overlord  
  26  2:35  Drone  
  27  2:38  Drone  
  27  2:43  Overlord  
  28  2:48  Queen  
  30  2:51  Drone  
  30  2:53  Drone  
  30  2:56  Drone  
  33  3:01  Drone x2  
  35  3:08  Drone x2  
  37  3:13  Drone  
  37  3:14  Drone x3  
  37  3:19  Queen  
  43  3:23  Overlord  
  43  3:29  Drone  
  43  3:31  Roach Warren  
  43  3:38  Zergling x8  
  47  3:44  Queen  
  50  3:48  Drone x3  
  52  3:56  Overlord  
  52  3:57  Lair  
  52  4:02  Drone x3  
  55  4:03  Extractor  
  55  4:05  Extractor  
  53  4:10  Overlord  
  53  4:12  Roach x2  
  57  4:17  Roach x2  
  57  4:20  Roach  
  62  4:26  Roach  
  62  4:28  Overlord  
  62  4:29  Zergling x2  
  62  4:30  Zergling x4  
  61  4:46  Roach x4  
  60  4:53  Drone  
  60  4:54  Drone x5  
  60  4:55  Queen  
  65  5:08  Drone x3  
  65  5:10  Drone, Glial Reconstitution  
  65  5:11  Drone  
  70  5:15  Evolution Chamber  
  70  5:16  Overseer  
  70  5:17  Evolution Chamber, Drone  
  70  5:19  Drone  
  70  5:20  Drone  
  71  5:31  Spore Crawler  
  71  5:32  Drone x2, Ravager  
  71  5:33  Ravager  
  73  5:36  Drone  
  73  5:39  Drone  
  74  5:46  Drone  
  58  6:04  Drone x8  
  51  6:09  Drone  
  51  6:10  Drone x2  
  56  6:11  Queen  
  56  6:13  Drone  
  56  6:18  Drone  
  60  6:20  Drone  
  60  6:21  Drone  
  62  6:29  Overseer  
  62  6:30  Queen  
  61  6:37  Drone x4  
  63  6:40  Queen  
  63  6:43  Drone  
  63  6:44  Drone x3  
  66  6:54  Zerg Missile Weapons Level 1, Zerg Ground Armor Level 1  
  66  6:59  Extractor  
  64  7:01  Drone x5  
  65  7:12  Drone, Overlord  
  65  7:13  Drone x2  
  68  7:16  Infestation Pit  
  68  7:20  Drone x6  
  71  7:30  Drone  
  71  7:34  Hatchery  
  71  7:38  Drone  
  71  7:39  Drone x2  
  71  7:42  Drone  
  71  7:43  Drone  
  76  7:44  Spore Crawler  
  76  7:46  Extractor  
  76  7:47  Extractor  
  76  7:48  Drone  
  76  7:50  Overlord  
  74  7:52  Roach x2  
  78  7:59  Drone x3  
  81  8:09  Drone  
  81  8:10  Drone, Spire  
  81  8:11  Drone x3  
  85  8:14  Drone  
  85  8:15  Drone  
  89  8:22  Overlord  
  89  8:23  Overlord x2  
  89  8:31  Hydralisk Den  
Tags
 
Add a new tag
Caveats
  • Supply blocks, unpowered buildings, or Contaminate may cause inaccurate times.
  • Supply counts are checked every 10 seconds.